| TOP OF THE 1ST |
|
University of North Carolina at Chapel Hill Tar Heels batting - Pitching for Rice University Owls : RHP Freddie Darlington
|
|
Pitching: RHP Freddie Darlington
|
|
|
Batting: LHB Juan Alvarado
|
0-0: Ball 1-0: Foul Ball, location: 2F 1-1: Swinging Strike 1-2: Foul Ball, location: 2F 1-2: Strikes out swinging
|
|
Batting: LHB Chris Robertson
|
0-0: Ball 1-0: Fly out, F8 (Line Drive, 8LM, EV 89.4 MPH)
|
|
Batting: RHB Michael Houseman
|
0-0: Foul Ball, location: 2F 0-1: Fly out, F9 (Line Drive, 9D, EV 97.5 MPH)
|
| Top of the 1st over - 0 runs, 0 hits, 0 errors, 0 left on base; University of North Carolina at Chapel Hill 0 - Rice University 0 |
| BOTTOM OF THE 1ST |
|
Rice University Owls batting - Pitching for University of North Carolina at Chapel Hill Tar Heels : LHP Francisco Guerra
|
|
Pitching: LHP Francisco Guerra
|
|
|
Batting: RHB Caleb Mercer
|
0-0: Swinging Strike 0-1: Ball 1-1: Swinging Strike 1-2: Strikes out swinging
|
|
Batting: RHB Javier Quinones
|
0-0: Ball 1-0: Called Strike 1-1: Ball 2-1: Ball 3-1: Ground out U3 (Groundball, 3L, EV 105.6 MPH)
|
|
Batting: RHB Jose Soto
|
0-0: Ball 1-0: Foul Ball, location: 2F 1-1: Swinging Strike 1-2: Ball 2-2: Fly out, F8 (Flyball, 8RM, EV 91.2 MPH)
|
| Bottom of the 1st over - 0 runs, 0 hits, 0 errors, 0 left on base; University of North Carolina at Chapel Hill 0 - Rice University 0 |
| TOP OF THE 2ND |
|
University of North Carolina at Chapel Hill Tar Heels batting - Pitching for Rice University Owls : RHP Freddie Darlington
|
|
Batting: RHB Mike Machalek
|
0-0: Ball 1-0: Called Strike 1-1: Ball 2-1: Foul Ball, location: 2F 2-2: SOLO HOME RUN (Line Drive, 7D, EV 99.4 MPH), Distance : 381 ft
|
|
Batting: LHB Roberto Lopez
|
0-0: Called Strike 0-1: Ball 1-1: Ball 2-1: Ball 3-1: Base on Balls
|
|
Batting: SHB Jim Saxon
|
0-0: Called Strike 0-1: Ball 1-1: Called Strike 1-2: Foul Ball, location: 2F 1-2: Foul Ball, location: 2F 1-2: Strikes out swinging
|
|
Batting: RHB Brandon Wilson
|
0-0: Foul Ball, location: 2F 0-1: Ball 1-1: Ball 2-1: Ground out 6-3 (Groundball, P, EV 83.8 MPH) Roberto Lopez to second
|
|
Batting: RHB Tony Jennings
|
0-0: Called Strike 0-1: Ground out 6-3 (Groundball, 6S, EV 88.8 MPH)
|
| Top of the 2nd over - 1 run, 1 hit, 0 errors, 1 left on base; University of North Carolina at Chapel Hill 1 - Rice University 0 |
| BOTTOM OF THE 2ND |
|
Rice University Owls batting - Pitching for University of North Carolina at Chapel Hill Tar Heels : LHP Francisco Guerra
|
|
Batting: SHB Ken Wilson
|
0-0: Foul Ball, location: 2F 0-1: Foul Ball, location: 2F 0-2: Foul Ball, location: 2F 0-2: Ball 1-2: Foul Ball, location: 2F 1-2: Foul Ball, location: 2F 1-2: Ball 2-2: Foul Ball, location: 2F 2-2: Fly out, F8 (Flyball, 8LD, EV 84.4 MPH)
|
|
Batting: RHB Neil Worth
|
0-0: Ball 1-0: Foul Ball, location: 2F 1-1: Foul Ball, location: 2F 1-2: Ball 2-2: SINGLE (Line Drive, 89S, EV 106.9 MPH)
|
|
Batting: RHB Allen Jarvis
|
0-0: Ball 1-0: Called Strike 1-1: Fly out, F9 (Flyball, 89M, EV 91.9 MPH)
|
|
Batting: RHB Emanuel Pulido
|
0-0: Ball 1-0: Called Strike 1-1: Called Strike 1-2: Ground out 5-3 (Groundball, 56S, EV 88.8 MPH)
|
| Bottom of the 2nd over - 0 runs, 1 hit, 0 errors, 1 left on base; University of North Carolina at Chapel Hill 1 - Rice University 0 |
| TOP OF THE 3RD |
|
University of North Carolina at Chapel Hill Tar Heels batting - Pitching for Rice University Owls : RHP Freddie Darlington
|
|
Batting: RHB Steve Breshears
|
0-0: Ball 1-0: Ball 2-0: Ball 3-0: Called Strike 3-1: Called Strike 3-2: Base on Balls
|
|
Batting: LHB Juan Alvarado
|
0-0: Foul Ball, location: 2F 0-1: Ball 1-1: Swinging Strike 1-2: Ball 2-2: SINGLE (Groundball, 34D, EV 97.5 MPH) Steve Breshears to second Runner from 2nd tries for 3rd, SAFE, no throw by RF
|
|
Batting: LHB Chris Robertson
|
0-0: Foul Ball, location: 2F 0-1: Ball 1-1: Ball 2-1: Foul Ball, location: 2F 2-2: Strikes out swinging
|
|
Batting: RHB Michael Houseman
|
0-0: Ball 1-0: Foul Ball, location: 2F 1-1: Foul Ball, location: 2F 1-2: Strikes out swinging
|
|
Batting: RHB Mike Machalek
|
0-0: Ball 1-0: Called Strike 1-1: Ball 2-1: Foul Ball, location: 2F 2-2: Strikes out swinging
|
| Top of the 3rd over - 0 runs, 1 hit, 0 errors, 2 left on base; University of North Carolina at Chapel Hill 1 - Rice University 0 |
| BOTTOM OF THE 3RD |
|
Rice University Owls batting - Pitching for University of North Carolina at Chapel Hill Tar Heels : LHP Francisco Guerra
|
|
Batting: LHB Aldred Lieshout
|
0-0: Ball 1-0: Foul Ball, location: 2F 1-1: Called Strike 1-2: Foul Ball, location: 2F 1-2: Ball 2-2: Strikes out swinging
|
|
Batting: RHB Brock Ti
|
0-0: Called Strike 0-1: Ball 1-1: Ground out 6-3 (Groundball, 56, EV 82.5 MPH)
|
|
Batting: RHB Caleb Mercer
|
0-0: Foul Ball, location: 2F 0-1: Ball 1-1: Ball 2-1: Foul Ball, location: 2F 2-2: Ground out 3-1 (Groundball, 34S, EV 84.4 MPH)
|
| Bottom of the 3rd over - 0 runs, 0 hits, 0 errors, 0 left on base; University of North Carolina at Chapel Hill 1 - Rice University 0 |
| TOP OF THE 4TH |
|
University of North Carolina at Chapel Hill Tar Heels batting - Pitching for Rice University Owls : RHP Freddie Darlington
|
|
Batting: LHB Roberto Lopez
|
0-0: Swinging Strike 0-1: Ball 1-1: Swinging Strike 1-2: Ground out U3 (Groundball, 3, EV 101.2 MPH)
|
|
Batting: SHB Jim Saxon
|
0-0: Called Strike 0-1: Ball 1-1: Swinging Strike 1-2: Strikes out swinging
|
|
Batting: RHB Brandon Wilson
|
0-0: Foul Ball, location: 2F 0-1: Foul Ball, location: 2F 0-2: Foul Ball, location: 2F 0-2: Fly out, F2 (Popup, 25F, EV 89.4 MPH)
|
| Top of the 4th over - 0 runs, 0 hits, 0 errors, 0 left on base; University of North Carolina at Chapel Hill 1 - Rice University 0 |
| BOTTOM OF THE 4TH |
|
Rice University Owls batting - Pitching for University of North Carolina at Chapel Hill Tar Heels : LHP Francisco Guerra
|
|
Batting: RHB Javier Quinones
|
0-0: Fly out, F1 (Line Drive, P, EV 66.9 MPH)
|
|
Batting: RHB Jose Soto
|
0-0: Ground out 5-3 (Groundball, 56S, EV 66.9 MPH)
|
|
Batting: SHB Ken Wilson
|
0-0: Ground out 5-3 (Groundball, 56, EV 79.4 MPH)
|
| Bottom of the 4th over - 0 runs, 0 hits, 0 errors, 0 left on base; University of North Carolina at Chapel Hill 1 - Rice University 0 |
| TOP OF THE 5TH |
|
University of North Carolina at Chapel Hill Tar Heels batting - Pitching for Rice University Owls : RHP Freddie Darlington
|
|
Batting: RHB Tony Jennings
|
0-0: Ball 1-0: Ball 2-0: Ball 3-0: Base on Balls
|
|
Batting: RHB Steve Breshears
|
0-0: Called Strike 0-1: Called Strike 0-2: Ball 1-2: Fly out, F8 (Flyball, 8LM, EV 93.1 MPH)
|
|
Batting: LHB Juan Alvarado
|
0-0: Grounds into double play, 6-4-3 (Groundball, 6, EV 112.5 MPH)
|
| Top of the 5th over - 0 runs, 0 hits, 0 errors, 0 left on base; University of North Carolina at Chapel Hill 1 - Rice University 0 |
| BOTTOM OF THE 5TH |
|
Rice University Owls batting - Pitching for University of North Carolina at Chapel Hill Tar Heels : LHP Francisco Guerra
|
|
Batting: RHB Neil Worth
|
0-0: Swinging Strike 0-1: Swinging Strike 0-2: Ball 1-2: Foul Ball, location: 2F 1-2: Foul Ball, location: 2F 1-2: Ball 2-2: Ball 3-2: Foul Ball, location: 2F 3-2: Foul Ball, location: 2F 3-2: Strikes out swinging
|
|
Batting: RHB Allen Jarvis
|
0-0: Swinging Strike 0-1: Swinging Strike 0-2: Ball 1-2: Ball 2-2: Strikes out swinging
|
|
Batting: RHB Emanuel Pulido
|
0-0: Called Strike 0-1: Ball 1-1: Reached on error, E6 (Groundball, 6, EV 99.4 MPH)
|
|
Batting: LHB Aldred Lieshout
|
0-0: Called Strike 0-1: Ball 1-1: Ball 2-1: Ground out U3 (Groundball, 3, EV 79.4 MPH)
|
| Bottom of the 5th over - 0 runs, 0 hits, 1 error, 1 left on base; University of North Carolina at Chapel Hill 1 - Rice University 0 |
| TOP OF THE 6TH |
|
University of North Carolina at Chapel Hill Tar Heels batting - Pitching for Rice University Owls : RHP Freddie Darlington
|
|
Batting: LHB Chris Robertson
|
0-0: Ball 1-0: Fly out, F8 (Flyball, 8LXD, EV 108.1 MPH)
|
|
Batting: RHB Michael Houseman
|
0-0: Ball 1-0: Ball 2-0: Ball 3-0: Called Strike 3-1: Base on Balls
|
|
Pitching: LHP Joe Fleury
|
|
|
Batting: RHB Mike Machalek
|
0-0: Ball 1-0: Ball 2-0: Ball 3-0: Called Strike 3-1: Called Strike 3-2: Base on Balls Michael Houseman to second
|
|
Batting: LHB Roberto Lopez
|
0-0: Ball 1-0: SINGLE (Groundball, 4S, EV 72.5 MPH) (infield hit) Michael Houseman to third Mike Machalek to second
|
|
Batting: SHB Jim Saxon
|
0-0: Ball 1-0: Ball 2-0: Called Strike 2-1: Swinging Strike 2-2: Strikes out swinging
|
|
Batting: RHB Brandon Wilson
|
0-0: Called Strike 0-1: Ground out 4-3 (Groundball, 4, EV 104.4 MPH)
|
| Top of the 6th over - 0 runs, 1 hit, 0 errors, 3 left on base; University of North Carolina at Chapel Hill 1 - Rice University 0 |
| BOTTOM OF THE 6TH |
|
Rice University Owls batting - Pitching for University of North Carolina at Chapel Hill Tar Heels : LHP Francisco Guerra
|
|
Batting: RHB Brock Ti
|
0-0: Foul Ball, location: 2F 0-1: Swinging Strike 0-2: Ground out 6-3 (Groundball, 6S, EV 66.9 MPH)
|
|
Batting: RHB Caleb Mercer
|
0-0: Swinging Strike 0-1: Ball 1-1: Swinging Strike 1-2: Strikes out swinging, 2-3 out at first.
|
|
Batting: RHB Javier Quinones
|
0-0: Swinging Strike 0-1: Ball 1-1: Ball 2-1: Called Strike 2-2: Ground out 6-3 (Groundball, 56, EV 85.6 MPH)
|
| Bottom of the 6th over - 0 runs, 0 hits, 0 errors, 0 left on base; University of North Carolina at Chapel Hill 1 - Rice University 0 |
| TOP OF THE 7TH |
|
University of North Carolina at Chapel Hill Tar Heels batting - Pitching for Rice University Owls : LHP Joe Fleury
|
|
Pitching: RHP Michael Benford
|
|
|
Batting: RHB Tony Jennings
|
0-0: Ball 1-0: Ball 2-0: Called Strike 2-1: Ball 3-1: Foul Ball, location: 2F 3-2: SINGLE (Line Drive, 8LS, EV 95.6 MPH)
|
|
Batting: RHB Steve Breshears
|
0-0: Ball 1-0: Swinging Strike 1-1: Called Strike 1-2: Strikes out swinging
|
|
Batting: LHB Juan Alvarado
|
0-0: Fly out, F8 (Line Drive, 8RD, EV 91.9 MPH)
|
|
Pitching: LHP Shan Ping
|
|
|
Batting: LHB Chris Robertson
|
0-0: Ball 1-0: Fly out, F9 (Flyball, 9D, EV 90.6 MPH)
|
| Top of the 7th over - 0 runs, 1 hit, 0 errors, 1 left on base; University of North Carolina at Chapel Hill 1 - Rice University 0 |
| BOTTOM OF THE 7TH |
|
Rice University Owls batting - Pitching for University of North Carolina at Chapel Hill Tar Heels : LHP Francisco Guerra
|
|
Pitching: RHP Ian Hunt
|
|
|
Batting: RHB Jose Soto
|
0-0: Ball 1-0: Foul Ball, location: 2F 1-1: Foul Ball, location: 2F 1-2: SINGLE (Groundball, 6MD, EV 108.8 MPH)
|
|
Batting: SHB Ken Wilson
|
0-0: Ball 1-0: Ball 2-0: Ball 3-0: Called Strike 3-1: Fly out, F8 (Flyball, 78D, EV 86.2 MPH)
|
|
Batting: RHB Neil Worth
|
0-0: Ball 1-0: Ball 2-0: Called Strike 2-1: Foul Ball, location: 2F 2-2: Foul Ball, location: 2F 2-2: Ball 3-2: Strikes out swinging
|
|
Batting: RHB Allen Jarvis
|
0-0: SINGLE (Line Drive, 3D, EV 97.5 MPH) Jose Soto to second Runner from 2nd tries for 3rd, SAFE, throw by RF made to third
|
|
Pitching: RHP Didier Pages
|
|
|
Pinch Runner at 3rd Dave Van Sickle:
|
|
|
Pinch Hitting: SHB Wendel van Baal
|
0-0: Ball 1-0: Foul Ball, location: 2F 1-1: Ball 2-1: Ball 3-1: Base on Balls Allen Jarvis to second
|
|
Batting: LHB Aldred Lieshout
|
0-0: Ball 1-0: Swinging Strike 1-1: Called Strike 1-2: Foul Ball, location: 2F 1-2: Ball 2-2: Ball 3-2: Foul Ball, location: 2F 3-2: Strikes out swinging
|
| Bottom of the 7th over - 0 runs, 2 hits, 0 errors, 3 left on base; University of North Carolina at Chapel Hill 1 - Rice University 0 |
| TOP OF THE 8TH |
|
University of North Carolina at Chapel Hill Tar Heels batting - Pitching for Rice University Owls : LHP Shan Ping
|
|
Pitching: RHP Dejenie Mensah
|
|
|
Now at 2B: Alex Alvarez
|
|
|
Now in LF: Brock Ti
|
|
|
Now in RF: Dave Van Sickle
|
|
|
Batting: RHB Michael Houseman
|
0-0: Ball 1-0: Ball 2-0: Called Strike 2-1: Ball 3-1: Foul Ball, location: 2F 3-2: Foul Ball, location: 2F 3-2: Base on Balls
|
|
Batting: RHB Mike Machalek
|
0-0: DOUBLE (Line Drive, 3D, EV 93.8 MPH) Michael Houseman to third
|
|
Batting: LHB Roberto Lopez
|
0-0: Swinging Strike 0-1: Ball 1-1: Foul Ball, location: 2F 1-2: Foul Ball, location: 2F 1-2: Ball 2-2: Foul Ball, location: 2F 2-2: Ball 3-2: Strikes out swinging
|
|
Batting: SHB Jim Saxon
|
0-0: Ball 1-0: Ball 2-0: Ball Wild Pitch! Michael Houseman scores Mike Machalek to third 3-0: Called Strike 3-1: Swinging Strike 3-2: Foul Ball, location: 2F 3-2: Ground out 4-3 (Groundball, 4, EV 82.5 MPH) Mike Machalek scores
|
|
Batting: RHB Brandon Wilson
|
0-0: Called Strike 0-1: Called Strike 0-2: Strikes out swinging
|
| Top of the 8th over - 2 runs, 1 hit, 0 errors, 0 left on base; University of North Carolina at Chapel Hill 3 - Rice University 0 |
| BOTTOM OF THE 8TH |
|
Rice University Owls batting - Pitching for University of North Carolina at Chapel Hill Tar Heels : RHP Didier Pages
|
|
Pitching: RHP Brian Spedafino
|
|
|
Batting: RHB Brock Ti
|
0-0: Foul Ball, location: 2F 0-1: Ball 1-1: Ball 2-1: Ball 3-1: Swinging Strike 3-2: Base on Balls
|
|
Batting: RHB Caleb Mercer
|
0-0: Grounds into double play, 5-4-3 (Groundball, 56, EV 86.2 MPH)
|
|
Batting: RHB Javier Quinones
|
0-0: Ball 1-0: Called Strike 1-1: Foul Ball, location: 2F 1-2: Foul Ball, location: 2F 1-2: Ball 2-2: Strikes out swinging
|
| Bottom of the 8th over - 0 runs, 0 hits, 0 errors, 0 left on base; University of North Carolina at Chapel Hill 3 - Rice University 0 |
| TOP OF THE 9TH |
|
University of North Carolina at Chapel Hill Tar Heels batting - Pitching for Rice University Owls : RHP Dejenie Mensah
|
|
Pitching: LHP Mitchell Carter
|
|
|
Batting: RHB Tony Jennings
|
0-0: Called Strike 0-1: Ball 1-1: Ball 2-1: Ball 3-1: Foul Ball, location: 2F 3-2: Foul Ball, location: 2F 3-2: Strikes out swinging
|
|
Batting: RHB Steve Breshears
|
0-0: Ball 1-0: Ball 2-0: SINGLE (Flyball, 4MD, EV 91.2 MPH)
|
|
Batting: LHB Juan Alvarado
|
0-0: Fly out, F8 (Flyball, 8LD, EV 93.8 MPH)
|
|
Batting: LHB Chris Robertson
|
0-0: Ball 1-0: Ball 2-0: Ground out 1-3 (Groundball, 13, EV 69.4 MPH)
|
| Top of the 9th over - 0 runs, 1 hit, 0 errors, 1 left on base; University of North Carolina at Chapel Hill 3 - Rice University 0 |
| BOTTOM OF THE 9TH |
|
Rice University Owls batting - Pitching for University of North Carolina at Chapel Hill Tar Heels : RHP Brian Spedafino
|
|
Pitching: RHP Herb Bickford
|
|
|
Batting: SHB Dave Van Sickle
|
0-0: Fly out, F7 (Flyball, 7, EV 79.4 MPH)
|
|
Batting: SHB Ken Wilson
|
0-0: Foul Ball, location: 2F 0-1: Swinging Strike 0-2: Ball 1-2: Strikes out swinging
|
|
Batting: RHB Neil Worth
|
0-0: Called Strike 0-1: Ball 1-1: Swinging Strike 1-2: Ball 2-2: Foul Ball, location: 2F 2-2: Ball 3-2: Strikes out swinging
|
| Bottom of the 9th over - 0 runs, 0 hits, 0 errors, 0 left on base; University of North Carolina at Chapel Hill 3 - Rice University 0 |
|